[Event "Titled Tuesday Blitz April 05 Early 2022"]
[White "Sadovsky, Artem"]
[Black "Karolczuk, Iwo"]
[WhiteFideId "4155840"]
[BlackFideId "21816972"]
[WhiteElo "2314"]
[BlackElo "2277"]
[Result "1-0"]
[Round "04"]
[TimeControl "180+1"]
[Date "2022.04.05"]
[WhiteClock "0:00:26"]
[BlackClock "0:00:07"]

1. Nf3 Nf6 2. c4 g6 3. b3 Bg7 4. Bb2 O-O 5. g3 d6 6. Bg2 e5 7. O-O Re8 8. d4 e4 9. Ne1 c6 10. d5 cxd5 11. cxd5 Na6 12. Nc2 Bf5 13. Ne3 Bd7 14. Bd4 Rc8 15. Nc3 Nc5 16. Rc1 b5 17. b4 Na6 18. a3 Rc7 19. Bxf6 Bxf6 20. Nxe4 Be7 21. Qd4 f5 22. Nd2 Bf6 23. Qd3 Qb8 24. Rxc7 Qxc7 25. Nb3 Qb6 26. Rc1 Bg5 27. Nd4 f4 28. gxf4 Bxf4 29. Rc6 Bxc6 30. dxc6 Bxe3 31. Bd5+ Kg7 32. fxe3 Nc7 33. e4 Re5 34. e3 Qb8 35. Nf3 Rh5 36. Qd4+ Kh6 37. h4 Qf8 38. e5 dxe5 39. Nxe5 Nxd5 40. Ng4# 1-0


[Site "https://www.chess.com"]

[Event "Titled Tuesday Blitz April 05 Early 2022"]
[White "Samaganova, Aleksandra"]
[Black "Heinemann, Josefine"]
[WhiteFideId "13800221"]
[BlackFideId "12900460"]
[WhiteElo "1859"]
[BlackElo "2300"]
[Result "1-0"]
[Round "04"]
[TimeControl "180+1"]
[Date "2022.04.05"]
[WhiteClock "0:00:09"]
[BlackClock "0:00:09"]

1. c4 c5 2. Nc3 Nc6 3. g3 g6 4. Bg2 Bg7 5. a3 b6 6. Rb1 Bb7 7. b4 d6 8. e3 Qd7 9. Nf3 e6 10. O-O Nge7 11. d4 O-O 12. bxc5 bxc5 13. Qd3 cxd4 14. exd4 Nf5 15. Be3 Ba6 16. Nb5 Rac8 17. Rfc1 Na5 18. a4 d5 19. cxd5 exd5 20. Ne5 Bxe5 21. dxe5 Nxe3 22. Qxe3 Nc4 23. Qd4 Bxb5 24. Rxb5 Qe6 25. Bxd5 Qxe5 26. Rxc4 Qe1+ 27. Kg2 Rcd8 28. Qe4 Qa1 29. Qf3 Rd7 30. Rb7 Rxb7 31. Bxb7 Qa2 32. Bd5 Qd2 33. Rc7 1-0


[Site "https://www.chess.com"]

[Event "Titled Tuesday Blitz April 05 Early 2022"]
[White "Samarth, J Rao"]
[Black "Chernomordik, Pavel"]
[WhiteFideId "46652370"]
[BlackFideId "2804530"]
[WhiteElo "1514"]
[BlackElo "2220"]
[Result "1-0"]
[Round "04"]
[TimeControl "180+1"]
[Date "2022.04.05"]
[WhiteClock "0:00:11"]
[BlackClock "0:00:47"]

1. c4 g6 2. d4 Bg7 3. e4 Nc6 4. Nf3 d6 5. d5 Ne5 6. Nxe5 Bxe5 7. f4 Bg7 8. Bd3 c6 9. O-O Qb6+ 10. Kh1 Bxb2 11. Bxb2 Qxb2 12. Nd2 Nf6 13. Rb1 Qc3 14. Rb3 Qd4 15. Nf3 Qc5 16. e5 Ng4 17. Qe2 O-O 18. e6 fxe6 19. Ng5 Ne3 20. Rf3 Nf5 21. Nxe6 Bxe6 22. Qxe6+ Kg7 23. Bxf5 Rxf5 24. Rxb7 Rf7 25. Rxe7 Rf8 26. dxc6 Qxc6 27. h4 Rxe7 28. Qxe7+ Rf7 29. Qe2 Rc7 30. Rc3 Rf7 31. Qe3 Qd7 32. Qd4+ Kh6 33. Rd3 Qg4 34. Qxd6 Qxh4+ 35. Rh3 1-0


[Site "https://www.chess.com"]

[Event "Titled Tuesday Blitz April 05 Early 2022"]
[White "Sarkar, Justin"]
[Black "Vlassov, Nikolai"]
[WhiteFideId "2010011"]
[BlackFideId "4103360"]
[WhiteElo "2038"]
[BlackElo "2407"]
[Result "0-1"]
[Round "04"]
[TimeControl "180+1"]
[Date "2022.04.05"]
[WhiteClock "0:00:01"]
[BlackClock "0:00:13"]

1. e4 c5 2. Nf3 d6 3. d4 cxd4 4. Nxd4 Nf6 5. Nc3 g6 6. h3 Bg7 7. Bc4 O-O 8. Bb3 Nc6 9. Nxc6 bxc6 10. O-O a5 11. a3 Be6 12. Bxe6 fxe6 13. Be3 Nh5 14. Qd2 Rb8 15. Rab1 Rf7 16. g4 Bxc3 17. bxc3 Nf6 18. f3 Nd7 19. f4 Rf8 20. Kg2 Qc7 21. c4 c5 22. Kg3 Nf6 23. Qd3 Qc6 24. e5 Ne4+ 25. Kh2 d5 26. cxd5 exd5 27. c4 e6 28. cxd5 exd5 29. Rxb8 Rxb8 30. f5 Rb2+ 31. Kg1 gxf5 0-1


[Site "https://www.chess.com"]

[Event "Titled Tuesday Blitz April 05 Early 2022"]
[White "Silva, Kaua Marques"]
[Black "Delorme, Alban"]
[WhiteFideId "22701168"]
[BlackFideId "623636"]
[WhiteElo "2071"]
[BlackElo "2197"]
[Result "1-0"]
[Round "04"]
[TimeControl "180+1"]
[Date "2022.04.05"]
[WhiteClock "0:00:31"]
[BlackClock "0:00:01"]

1. d4 Nf6 2. Nc3 d5 3. Bf4 e6 4. e3 Bd6 5. Bxd6 Qxd6 6. Nf3 a6 7. Bd3 b6 8. O-O Bb7 9. Ne2 Nbd7 10. c3 c5 11. Re1 O-O 12. Ng3 Rfe8 13. Qe2 Ne4 14. Nd2 f5 15. Ngf1 Ndf6 16. f3 Nxd2 17. Nxd2 g6 18. Rad1 Rad8 19. a3 b5 20. Kh1 c4 21. Bc2 e5 22. Qf2 exd4 23. exd4 Kf7 24. Kg1 a5 25. Nf1 b4 26. Ba4 Bc6 27. Bxc6 Qxc6 28. axb4 axb4 29. cxb4 Qd6 30. Qd2 Rb8 31. Rxe8 Kxe8 32. Re1+ Kf7 33. Ne3 Qxb4 34. Qxb4 Rxb4 35. Re2 Rb5 36. Nd1 Rb6 37. Nc3 Re6 38. Kf2 Rxe2+ 39. Kxe2 Ke6 40. h4 Nh5 41. g4 fxg4 42. fxg4 Nf6 43. Kf3 h5 44. g5 Ng4 45. Ne2 Nh2+ 46. Kg2 Ng4 47. Nf4+ Kd6 48. Kf3 Nh2+ 49. Kf2 1-0


[Site "https://www.chess.com"]

[Event "Titled Tuesday Blitz April 05 Early 2022"]
[White "Silva, Miguel Antonio Neto"]
[Black "Namitbir Singh Walia"]
[WhiteFideId "1911929"]
[BlackFideId "35071068"]
[WhiteElo "2204"]
[BlackElo "1565"]
[Result "1-0"]
[Round "04"]
[TimeControl "180+1"]
[Date "2022.04.05"]
[WhiteClock "0:00:53"]
[BlackClock "0:00:29"]

1. Nf3 d5 2. d4 Nf6 3. c4 c6 4. e3 e6 5. Bd3 Nbd7 6. b3 Bd6 7. Bb2 Qc7 8. Nc3 O-O 9. Rc1 Qd8 10. O-O e5 11. cxd5 cxd5 12. Nb5 e4 13. Nxd6 exd3 14. Ba3 Qa5 15. Bb2 Qxa2 16. Rb1 Nb6 17. Qxd3 Bd7 18. Ne5 Rad8 19. Nxb7 Rb8 20. Nc5 Bc6 21. Nxc6 1-0


[Site "https://www.chess.com"]

[Event "Titled Tuesday Blitz April 05 Early 2022"]
[White "Skliarov, Viktor"]
[Black "Koridze, Lile"]
[WhiteFideId "14106736"]
[BlackFideId "13612514"]
[WhiteElo "2229"]
[BlackElo "2050"]
[Result "1-0"]
[Round "04"]
[TimeControl "180+1"]
[Date "2022.04.05"]
[WhiteClock "0:01:19"]
[BlackClock "0:01:00"]

1. e4 c5 2. Nf3 d6 3. d4 cxd4 4. Qxd4 Nc6 5. Bb5 Bd7 6. Bxc6 Bxc6 7. Nc3 Nf6 8. Bg5 e6 9. O-O-O Be7 10. Rhe1 a6 11. Kb1 Qc7 12. Qd3 O-O 13. Nd4 Rfd8 14. f3 b5 15. g4 Be8 16. h4 Rac8 17. h5 h6 18. Be3 Nd7 19. Nf5 exf5 20. Nd5 Ne5 21. Qe2 Qb7 22. gxf5 Bf8 23. Rg1 Kh7 24. Qg2 Nc4 25. Nf6+ Kh8 26. Bxh6 1-0


[Site "https://www.chess.com"]

[Event "Titled Tuesday Blitz April 05 Early 2022"]
[White "Sliwicka, Alicja"]
[Black "Shahaliyev, Ismayil"]
[WhiteFideId "1150677"]
[BlackFideId "13406388"]
[WhiteElo "2120"]
[BlackElo "2105"]
[Result "1-0"]
[Round "04"]
[TimeControl "180+1"]
[Date "2022.04.05"]
[WhiteClock "0:02:21"]
[BlackClock "0:02:33"]

1. e4 c5 2. Nf3 a6 3. c4 b6 4. d4 cxd4 5. Nxd4 Ra7 6. Nc3 Bb7 7. Be2 Ba8 8. O-O e6 9. Be3 Nf6 10. f3 d5 11. cxd5 exd5 12. e5 Nfd7 13. f4 Nc5 14. Bf3 Be7 15. Nf5 O-O 16. Nxd5 Bxd5 17. Qxd5 Rd7 18. Qc4 b5 19. Nxe7+ 1-0


[Site "https://www.chess.com"]

[Event "Titled Tuesday Blitz April 05 Early 2022"]
[White "Stanisz, Patryk"]
[Black "Golubeva, Oksana"]
[WhiteFideId "1123106"]
[BlackFideId "4170164"]
[WhiteElo "1833"]
[BlackElo "2162"]
[Result "0-1"]
[Round "04"]
[TimeControl "180+1"]
[Date "2022.04.05"]
[WhiteClock "0:00:24"]
[BlackClock "0:00:33"]

1. Nf3 Nf6 2. c4 b6 3. g3 Bb7 4. Bg2 g5 5. O-O g4 6. Ne1 Bxg2 7. Nxg2 e5 8. d4 d6 9. Nc3 Be7 10. Nh4 Nc6 11. dxe5 Nxe5 12. Nf5 Qd7 13. Ng7+ Kd8 14. e4 h5 15. Bf4 Nf3+ 16. Kg2 h4 17. Nf5 Nh5 18. Be3 hxg3 19. fxg3 Bf6 20. Qd5 c6 21. Qxd6 Qxd6 22. Nxd6 Kd7 23. Nxf7 Rh7 24. Rad1+ Ke6 25. Nd6 Ng7 26. Nf5 Rxh2# 0-1


[Site "https://www.chess.com"]

[Event "Titled Tuesday Blitz April 05 Early 2022"]
[White "Suarez Uriel, Adrian"]
[Black "volunteers1998"]
[WhiteFideId "22230874"]
[WhiteElo "2316"]
[BlackElo "2318"]
[Result "0-1"]
[Round "04"]
[TimeControl "180+1"]
[Date "2022.04.05"]
[WhiteClock "0:02:13"]
[BlackClock "0:01:32"]

1. d4 f5 2. e4 fxe4 3. Nc3 Nf6 4. Bg5 Nc6 5. d5 Ne5 6. Qe2 Nf7 7. Bxf6 exf6 8. Nxe4 Be7 9. d6 cxd6 10. O-O-O O-O 11. f4 Qa5 12. Kb1 b6 13. Qf3 Bb7 14. Nxf6+ Bxf6 15. Qxb7 Qb4 16. b3 Qc3 17. Kc1 Qa1+ 18. Kd2 Bc3+ 19. Kd3 Qxd1+ 20. Kxc3 Qxf1 21. Qxd7 Rac8+ 22. Kb2 Qxg2 0-1


[Site "https://www.chess.com"]

[Event "Titled Tuesday Blitz April 05 Early 2022"]
[White "Sychev, Klementy"]
[Black "Musovic, Armin"]
[WhiteFideId "4114060"]
[BlackFideId "939935"]
[WhiteElo "2564"]
[BlackElo "2255"]
[Result "1-0"]
[Round "04"]
[TimeControl "180+1"]
[Date "2022.04.05"]
[WhiteClock "0:00:40"]
[BlackClock "0:00:07"]

1. d4 d5 2. Nc3 c5 3. e4 dxe4 4. d5 a6 5. Nxe4 Nf6 6. Nxf6+ exf6 7. Nf3 Bd6 8. Be2 O-O 9. O-O Re8 10. c4 Nd7 11. Be3 Nf8 12. Nd2 Ng6 13. Qb3 b6 14. Rfe1 Ra7 15. Bf1 Rae7 16. Nf3 Bg4 17. Be2 Bb8 18. g3 h5 19. Kg2 h4 20. Ng1 f5 21. Bxg4 fxg4 22. Qc2 h3+ 23. Kf1 Ne5 24. Bg5 f6 25. Bf4 b5 26. b3 bxc4 27. bxc4 Bd6 28. Qf5 Qa5 29. Bxe5 Bxe5 30. Rad1 Qxa2 31. Qxg4 a5 32. Nxh3 a4 33. Kg2 a3 34. d6 f5 35. Qxf5 Rf7 36. d7 Ref8 37. Qxe5 Rxf2+ 38. Nxf2 Qxf2+ 39. Kh3 a2 40. d8=Q a1=Q 41. Qxf8+ Qxf8 42. Rxa1 Qc8+ 43. Qe6+ Kh7 44. Qxc8 1-0


[Site "https://www.chess.com"]

[Event "Titled Tuesday Blitz April 05 Early 2022"]
[White "Tan, Jun Ying"]
[Black "Gaehwiler, Gabriel"]
[WhiteFideId "5710413"]
[BlackFideId "1314530"]
[WhiteElo "1827"]
[BlackElo "2383"]
[Result "1/2-1/2"]
[Round "04"]
[TimeControl "180+1"]
[Date "2022.04.05"]
[WhiteClock "0:00:12"]
[BlackClock "0:00:17"]

1. d4 Nf6 2. c4 g6 3. Nc3 Bg7 4. e4 O-O 5. Be2 d6 6. h4 Nc6 7. d5 Ne5 8. h5 c6 9. h6 Bh8 10. Nf3 Nxf3+ 11. Bxf3 Nd7 12. Be2 a6 13. a4 a5 14. Be3 Nc5 15. Bd4 Qb6 16. Bxh8 Kxh8 17. Qd4+ f6 18. Rb1 Qb4 19. Kf1 Bd7 20. Bd1 Qb6 21. b3 Nxa4 22. Qd2 Nxc3 23. Qxc3 Qb4 24. Qd3 Qc5 25. Be2 Rfb8 26. g4 g5 27. Kg2 b5 28. Rhc1 bxc4 29. Rxc4 Qb6 30. dxc6 Bxc6 31. Rc3 Be8 32. Qc2 a4 33. b4 Bg6 34. Bd3 a3 35. Rc1 Qb7 36. Rc7 Qxb4 37. Rc8+ Be8 38. Rxb8 Qxb8 39. Bc4 Qc7 40. Qd2 Rc8 41. Qd5 Bg6 42. Rb1 Qd8 43. Rb7 Rb8 44. Ra7 Qf8 45. Rxa3 Qxh6 46. Ra7 Qf8 47. Qe6 Re8 48. Bb5 Rb8 49. Bc4 Re8 50. Bb5 Bf7 51. Qd7 Rb8 52. Bc6 Bg6 53. Qxe7 Qxe7 54. Rxe7 Rc8 55. Bd5 Rd8 56. Re6 Kg7 57. Re7+ Kf8 58. Re6 Kg7 59. Re7+ Kf8 60. Re6 Rd7 61. Bc6 Re7 62. Rxf6+ Kg7 63. Rxd6 Bxe4+ 64. Bxe4 Rxe4 65. f3 Re2+ 66. Kg3 Re7 67. Rc6 h6 68. Rc5 Rf7 69. Rd5 1/2-1/2


[Site "https://www.chess.com"]

[Event "Titled Tuesday Blitz April 05 Early 2022"]
[White "Tanenbaum, Zachary"]
[Black "Seemann, Jakub"]
[WhiteFideId "2060850"]
[BlackFideId "21874697"]
[WhiteElo "2168"]
[BlackElo "2003"]
[Result "0-1"]
[Round "04"]
[TimeControl "180+1"]
[Date "2022.04.05"]
[WhiteClock "0:00:06"]
[BlackClock "0:00:07"]

1. e4 e6 2. d4 d5 3. Nc3 dxe4 4. Nxe4 Nd7 5. Nf3 Ngf6 6. Bg5 Be7 7. Bxf6 Nxf6 8. Bd3 O-O 9. Qe2 c5 10. dxc5 Bxc5 11. O-O-O Nxe4 12. Qxe4 f5 13. Qe2 Qf6 14. Rhe1 b6 15. Bc4 Bb7 16. Bxe6+ Kh8 17. Bd5 Bxd5 18. Rxd5 Rad8 19. Rxd8 Rxd8 20. Ne5 h6 21. Qh5 Kh7 22. Nd3 Bd4 23. f4 Rc8 24. Re8 Rc7 25. Qe2 Qc6 26. Nb4 Qa4 27. Qe6 Be3+ 28. Qxe3 Qxb4 29. g3 Qc4 30. Qe2 Qxa2 31. Qe6 Qxe6 32. Rxe6 Rc4 33. Re5 Re4 34. Rxf5 Re2 35. h4 Rg2 36. Rf7 Rxg3 37. Rxa7 Rg4 38. f5 Rf4 39. Rb7 Rxf5 40. Rxb6 Rf4 41. b4 Rxh4 42. b5 g5 43. Rc6 g4 44. b6 g3 45. Rc3 Rh1+ 46. Kb2 g2 47. Rc7+ Kg6 48. Rc8 g1=Q 49. Rg8+ Kf5 50. Rf8+ Ke6 51. Re8+ Kd7 52. Rb8 Qb1+ 53. Kc3 Rc1 54. Rb7+ Kc8 55. Rc7+ Kb8 56. Kd3 Qxb6 57. Rc4 Rd1+ 58. Kc3 Qf6+ 59. Kb3 Rb1+ 60. Ka2 Qb2# 0-1


[Site "https://www.chess.com"]

[Event "Titled Tuesday Blitz April 05 Early 2022"]
[White "Terletsky, Oleg"]
[Black "Dukic, Zachary"]
[WhiteFideId "14116774"]
[BlackFideId "2617188"]
[WhiteElo "2064"]
[BlackElo "2086"]
[Result "0-1"]
[Round "04"]
[TimeControl "180+1"]
[Date "2022.04.05"]
[WhiteClock "0:00:07"]
[BlackClock "0:00:21"]

1. e4 c6 2. d4 d5 3. Nc3 dxe4 4. Nxe4 Nf6 5. Nxf6+ exf6 6. c3 Bd6 7. Bd3 O-O 8. Qc2 Re8+ 9. Ne2 Nd7 10. Be3 h5 11. O-O-O Nf8 12. Kb1 Be6 13. Ng3 g6 14. Ne4 Kg7 15. Nxd6 Qxd6 16. c4 b5 17. c5 Qd5 18. b3 a5 19. Be4 Qd7 20. d5 Bxd5 21. Bxd5 cxd5 22. Rd2 Qc6 23. Rhd1 Rad8 24. h3 Ne6 25. g4 h4 26. Qb2 Nxc5 27. Qc2 d4 28. Bxd4 Rxd4 29. Rxd4 Qb6 30. Rd6 Qa7 31. Qc3 Ne4 32. Qc6 Nxd6 33. Rxd6 Re1+ 34. Kb2 Qxf2+ 35. Ka3 b4+ 36. Ka4 Qxa2+ 37. Kb5 Qxb3 38. Rxf6 Re5+ 39. Ka6 Re6 40. Rxe6 Qxe6 0-1


[Site "https://www.chess.com"]

[Event "Titled Tuesday Blitz April 05 Early 2022"]
[White "Todorovic, Bojan"]
[Black "Noboa Silva, Kevin"]
[WhiteFideId "917087"]
[BlackFideId "3618471"]
[WhiteElo "2266"]
[BlackElo "2172"]
[Result "0-1"]
[Round "04"]
[TimeControl "180+1"]
[Date "2022.04.05"]
[WhiteClock "0:00:05"]
[BlackClock "0:00:24"]

1. d4 Nf6 2. Bg5 e6 3. Nc3 Be7 4. Nf3 O-O 5. e4 d5 6. e5 Nfd7 7. h4 h6 8. Bd3 c5 9. dxc5 Nxc5 10. Bxe7 Qxe7 11. Qd2 Nc6 12. O-O-O a6 13. g4 Nxd3+ 14. cxd3 Qc7 15. Qf4 d4 16. Nxd4 Qxe5 17. Qxe5 Nxe5 18. g5 h5 19. f4 Ng4 20. Rhe1 Rd8 21. Nce2 Bd7 22. Kd2 Be8 23. Rc1 Rd7 24. Nf3 Rad8 25. Rc3 Nf2 26. Ne5 Ne4+ 27. Ke3 Nxc3 28. bxc3 Rc7 29. Rb1 f6 30. Nf3 Bg6 31. d4 Bxb1 0-1


[Site "https://www.chess.com"]

[Event "Titled Tuesday Blitz April 05 Early 2022"]
[White "Tsyhanchuk, Stanislav"]
[Black "Mickiewicz, Piotr"]
[WhiteFideId "13505130"]
[BlackFideId "1114891"]
[WhiteElo "2078"]
[BlackElo "2266"]
[Result "1-0"]
[Round "04"]
[TimeControl "180+1"]
[Date "2022.04.05"]
[WhiteClock "0:00:22"]
[BlackClock "0:00:23"]

1. d4 e6 2. c4 Nf6 3. Nc3 c5 4. d5 exd5 5. cxd5 d6 6. e4 a6 7. Bd3 g6 8. h3 Bg7 9. Nf3 O-O 10. O-O b5 11. Bf4 Re8 12. Re1 b4 13. Na4 Nh5 14. Bh2 Bd7 15. Bxd6 Bxa4 16. Qxa4 Bxb2 17. Rab1 Bc3 18. Red1 Nd7 19. a3 Nb6 20. Qc6 Rc8 21. Bxa6 Rxc6 22. dxc6 Qa8 23. Bb7 Qxa3 24. Bxc5 Na4 25. c7 Kg7 26. Rd8 Nxc5 27. Rxe8 Qa2 28. Rd1 Qe2 29. Rdd8 Nxb7 30. c8=Q Nxd8 31. Qxd8 Nf6 32. Rh8 Nxe4 33. Rg8+ Kh6 34. Qf8+ Kh5 35. g4# 1-0


[Site "https://www.chess.com"]

[Event "Titled Tuesday Blitz April 05 Early 2022"]
[White "Tuleyeva-Aketayeva, Dana"]
[Black "Manukian, Artak"]
[WhiteFideId "13701932"]
[BlackFideId "13301373"]
[WhiteElo "1875"]
[BlackElo "2363"]
[Result "0-1"]
[Round "04"]
[TimeControl "180+1"]
[Date "2022.04.05"]
[WhiteClock "0:00:01"]
[BlackClock "0:00:59"]

1. d4 d5 2. Nf3 Nf6 3. g3 Bg4 4. Bg2 Nbd7 5. O-O e6 6. Nfd2 c5 7. c3 Qb6 8. Nb3 c4 9. N3d2 Be7 10. f3 Bh5 11. Qe1 O-O 12. e4 e5 13. Qf2 exd4 14. cxd4 Nc5 15. exd5 Nd3 16. Qe3 Nxd5 17. Qe4 Nxc1 18. Nxc4 Qxd4+ 19. Qxd4 Ne2+ 20. Kh1 Nxd4 21. Rd1 Nc2 22. Rxd5 Bg6 0-1


[Site "https://www.chess.com"]

[Event "Titled Tuesday Blitz April 05 Early 2022"]
[White "Urbina Quiroz, Edwin"]
[Black "Jakubowski, Krzysztof"]
[WhiteFideId "6500650"]
[BlackFideId "1112848"]
[WhiteElo "2152"]
[BlackElo "2365"]
[Result "1-0"]
[Round "04"]
[TimeControl "180+1"]
[Date "2022.04.05"]
[WhiteClock "0:01:03"]
[BlackClock "0:00:28"]

1. e4 e5 2. Nf3 Nc6 3. c3 Nf6 4. d4 exd4 5. e5 Ne4 6. Qe2 Nc5 7. cxd4 Ne6 8. d5 Ncd4 9. Nxd4 Nxd4 10. Qe4 Bb4+ 11. Bd2 Bxd2+ 12. Nxd2 c5 13. b4 Qb6 14. bxc5 Qxc5 15. Bd3 Qc3 16. O-O b6 17. Nc4 Nb5 18. a4 1-0


[Site "https://www.chess.com"]

[Event "Titled Tuesday Blitz April 05 Early 2022"]
[White "Van den Dikkenberg, Erik"]
[Black "Miszler, Levente"]
[WhiteFideId "1005880"]
[BlackFideId "763276"]
[WhiteElo "2118"]
[BlackElo "1966"]
[Result "0-1"]
[Round "04"]
[TimeControl "180+1"]
[Date "2022.04.05"]
[WhiteClock "0:00:28"]
[BlackClock "0:01:01"]

1. e4 e6 2. d4 d5 3. e5 c5 4. c3 Nc6 5. Nf3 Bd7 6. Bd3 cxd4 7. cxd4 Qb6 8. O-O f5 9. exf6 Nxf6 10. Nc3 Bd6 11. Na4 Qc7 12. Nc5 O-O 13. Re1 Rae8 14. Qe2 Ng4 15. h3 Nxd4 16. Nxd4 Bh2+ 17. Kh1 Nxf2+ 18. Qxf2 Rxf2 19. Nxd7 Qg3 20. Bf1 Rf7 21. Bd2 Rxd7 22. Nxe6 Rde7 23. Bf4 Qxf4 24. Nxf4 Rxe1 25. Rxe1 Rxe1 26. Kxh2 Rxf1 27. Nxd5 Rf2 28. Ne7+ Kf7 29. Nc8 Rxb2 30. Nxa7 Rxa2 31. Nb5 Rb2 32. Nd6+ Ke6 33. Nc4 Rb4 34. Ne3 b5 35. Kg1 Rb1+ 36. Kf2 b4 37. Kf3 b3 0-1


[Site "https://www.chess.com"]

[Event "Titled Tuesday Blitz April 05 Early 2022"]
[White "Yushko, Olga"]
[Black "Martin Duque, Jesus"]
[WhiteFideId "14114500"]
[BlackFideId "2208954"]
[WhiteElo "2028"]
[BlackElo "2243"]
[Result "1-0"]
[Round "04"]
[TimeControl "180+1"]
[Date "2022.04.05"]
[WhiteClock "0:00:28"]
[BlackClock "0:00:09"]

1. d4 Nf6 2. c4 b6 3. Nc3 Bb7 4. Nf3 e6 5. Bg5 h6 6. Bh4 Be7 7. e3 c5 8. Be2 O-O 9. Qc2 Nc6 10. Rd1 cxd4 11. exd4 d5 12. O-O dxc4 13. Bxc4 Nh5 14. Bxe7 Nxe7 15. Ne5 Nf4 16. f3 Nf5 17. Qd2 Qg5 18. Ne4 Bxe4 19. fxe4 Ne3 20. Rxf4 Qxf4 21. Re1 Nd5 22. Qd3 Nf6 23. g3 Qg5 24. Qf3 Rac8 25. b3 Rfd8 26. Rd1 Rc7 27. a4 a5 28. h4 Qh5 29. Qf1 Rxd4 30. Rxd4 Qxe5 31. Rd8+ Kh7 32. Qf4 Qxf4 33. gxf4 Rd7 34. Rb8 Nxe4 35. Rxb6 Nd2 36. Be2 Rd4 37. f5 exf5 38. Rb5 g6 39. Rxa5 Nxb3 40. Ra7 Kg7 41. Rc7 Rxh4 42. Bc4 Rg4+ 43. Kf2 Rf4+ 44. Ke3 Re4+ 45. Kd3 Nc1+ 46. Kd2 h5 47. Kxc1 h4 48. Bxf7 Kh6 49. Rc6 Rg4 50. Bd5 h3 51. a5 h2 52. a6 Rg1+ 53. Kb2 h1=Q 54. Bxh1 Rxh1 55. a7 Rh2+ 56. Rc2 Rh4 57. a8=Q 1-0


[Site "https://www.chess.com"]

[Event "Titled Tuesday Blitz April 05 Early 2022"]
[White "Zaksaite, Salomeja"]
[Black "Pourkashiyan, Atousa"]
[WhiteFideId "12801496"]
[BlackFideId "12502014"]
[WhiteElo "1953"]
[BlackElo "2247"]
[Result "0-1"]
[Round "04"]
[TimeControl "180+1"]
[Date "2022.04.05"]
[WhiteClock "0:00:04"]
[BlackClock "0:02:14"]

1. e4 c5 2. Nf3 e6 3. d4 cxd4 4. Nxd4 a6 5. Nc3 Qc7 6. Bd3 Nf6 7. O-O Bc5 8. Nb3 Be7 9. Qe2 d6 10. Bd2 Nbd7 11. f4 b5 12. a4 b4 13. Nd1 a5 14. c3 bxc3 15. Nxc3 Bb7 16. Nb5 Qb8 17. Nxa5 O-O 18. Nxb7 Qxb7 19. Bc3 Nc5 20. e5 dxe5 21. fxe5 Nd5 22. Kh1 Nxd3 23. Qxd3 Bc5 24. Bd4 Nb4 25. Qc3 Bxd4 26. Qxd4 Nc2 27. Qg4 Nxa1 28. Rxa1 Qxb5 0-1


[Site "https://www.chess.com"]

[Event "Titled Tuesday Blitz April 05 Early 2022"]
[White "Zlatin, Alexander"]
[Black "Samant Aditya S"]
[WhiteFideId "2810549"]
[BlackFideId "35080580"]
[WhiteElo "2228"]
[BlackElo "1916"]
[Result "0-1"]
[Round "04"]
[TimeControl "180+1"]
[Date "2022.04.05"]
[WhiteClock "0:00:02"]
[BlackClock "0:00:07"]

1. d4 Nf6 2. Nc3 d5 3. Bf4 c5 4. e3 cxd4 5. exd4 Bg4 6. f3 Bd7 7. Bd3 Nc6 8. Nge2 a6 9. O-O e6 10. a3 Be7 11. b4 O-O 12. b5 Na5 13. bxa6 bxa6 14. Qd2 Qc8 15. Nxd5 Nxd5 16. Qxa5 Nxf4 17. Nxf4 Bf6 18. c3 g6 19. Kh1 Bd8 20. Qe5 Qxc3 21. Rfc1 Qa5 22. Rc5 Qd2 23. Rc2 Qa5 24. Qd6 Bb5 25. Rc5 Qb6 26. Qe5 Bxd3 27. Nxd3 Be7 28. Rc4 Rfc8 29. Rxc8+ Rxc8 30. h3 Bd6 31. Qe4 Qc6 32. Qxc6 Rxc6 33. Rb1 Rc4 34. Ne5 Rxd4 35. Nc6 Rd2 36. a4 Kg7 37. a5 Ra2 38. h4 Bg3 39. Kg1 Bxh4 40. Kf1 Bg3 41. Rb6 Rf2+ 42. Kg1 Rc2 43. Kf1 Rf2+ 44. Kg1 Rc2 45. Kf1 Rc1+ 46. Ke2 Rg1 47. Rxa6 Rxg2+ 48. Kd3 Ra2 49. Ra8 Bf2 50. a6 h5 51. a7 h4 52. Rb8 Bxa7 53. Ra8 h3 54. Ne5 h2 55. Rc8 h1=Q 56. Rc7 Qd1+ 57. Ke4 Re2+ 58. Kf4 Qd4+ 59. Kg3 Qxe5+ 60. Kg4 Qf5+ 61. Kh4 Bf2# 0-1


[Site "https://www.chess.com"]

[Event "Titled Tuesday Blitz April 05 Early 2022"]
[White "nobodyperfect13"]
[Black "Zavgorodniy, Sergiy"]
[BlackFideId "14110148"]
[WhiteElo "1938"]
[BlackElo "2420"]
[Result "0-1"]
[Round "04"]
[TimeControl "180+1"]
[Date "2022.04.05"]
[WhiteClock "0:02:06"]
[BlackClock "0:01:38"]

1. c4 Nf6 2. Nf3 d6 3. g3 e5 4. Nc3 Be7 5. Bg2 c6 6. O-O O-O 7. d4 e4 8. Nd2 d5 9. cxd5 cxd5 10. f3 exf3 11. Nxf3 Nc6 12. h3 Re8 13. Kh2 Be6 14. Bf4 Rc8 15. Ne5 Bb4 16. Nxc6 Rxc6 17. Bg5 Ng4+ 18. hxg4 Qxg5 19. Nxd5 Bxd5 20. e4 Rh6+ 21. Kg1 Qe3+ 22. Rf2 Bxe4 0-1


[Site "https://www.chess.com"]

[Event "Titled Tuesday Blitz April 05 Early 2022"]
[White "Aaditya Dhingra"]
[Black "Gabdrakhmanov, Azat"]
[WhiteFideId "25678191"]
[BlackFideId "34189197"]
[WhiteElo "1849"]
[BlackElo "2279"]
[Result "0-1"]
[Round "05"]
[TimeControl "180+1"]
[Date "2022.04.05"]
[WhiteClock "0:00:32"]
[BlackClock "0:01:00"]

1. d4 Nf6 2. c4 g6 3. Nc3 Bg7 4. e4 O-O 5. Be3 d6 6. f3 a6 7. Nge2 c6 8. c5 b5 9. cxb6 Nbd7 10. g4 Nxb6 11. Ng3 Nfd7 12. Qd2 Rb8 13. h4 e5 14. d5 cxd5 15. exd5 e4 16. f4 Nf6 17. g5 Ng4 18. f5 Nxe3 19. Qxe3 Bxc3+ 20. bxc3 Nxd5 21. Qd2 Bb7 22. Bg2 Qb6 23. Bxe4 Rfe8 24. fxg6 hxg6 25. O-O-O Nxc3 26. Qxc3 Rbc8 0-1


[Site "https://www.chess.com"]

[Event "Titled Tuesday Blitz April 05 Early 2022"]
[White "Agibileg, Uurtsaikh"]
[Black "Li, Xueyi"]
[WhiteFideId "4901606"]
[BlackFideId "8605912"]
[WhiteElo "2205"]
[BlackElo "2091"]
[Result "1-0"]
[Round "05"]
[TimeControl "180+1"]
[Date "2022.04.05"]
[WhiteClock "0:00:17"]
[BlackClock "0:00:35"]

1. d4 Nf6 2. c4 g6 3. Nc3 d5 4. cxd5 Nxd5 5. e4 Nxc3 6. bxc3 Bg7 7. Nf3 c5 8. Bb5+ Bd7 9. Be2 O-O 10. O-O Bg4 11. Rb1 b6 12. Be3 Nc6 13. d5 Na5 14. c4 Nb7 15. h3 Bxf3 16. Bxf3 Nd6 17. Qc2 f5 18. Rfe1 f4 19. Bc1 Qc8 20. Bg4 Qa6 21. Be6+ Kh8 22. Bb2 Qxc4 23. Bxg7+ Kxg7 24. Qb2+ Qd4 25. Qxd4+ cxd4 26. Rb4 d3 27. Rd4 f3 28. e5 Nf5 29. Rxd3 fxg2 30. Rc1 Nh4 31. Re3 Kh6 32. Rc4 g5 33. Rxh4+ gxh4 34. Re4 Kh5 35. Kxg2 a5 36. Rg4 Ra7 37. f4 Rc7 38. f5 Rc2+ 39. Kf1 Rc1+ 40. Ke2 Rc3 41. Rg7 Kh6 42. Rxe7 Rxh3 43. f6 Rh2+ 44. Kf3 Rxa2 45. f7 Ra3+ 46. Kg2 Rg3+ 47. Kh2 a4 48. Re8 Rxf7 49. Bxf7 a3 50. d6 Rd3 51. Ra8 b5 52. e6 Rxd6 53. e7 Rd2+ 54. Kh3 Rd3+ 55. Kxh4 Rd4+ 56. Kg3 Rd3+ 57. Kf2 1-0


[Site "https://www.chess.com"]